[Event "Early-Titled-Tuesday-Blitz-February-13-2024"]
[Site "Chess.com"]
[Date "2024.02.13"]
[Round "1"]
[White "thesupera12"]
[Black "temus_galaktionov"]
[Result "0-1"]
[WhiteElo "2503"]
[BlackElo "2911"]
[TimeControl "180+1"]
[EndTime "8:06:56 PST"]
[Termination "temus_galaktionov won by resignation"]

1. e4 c6 2. d4 g6 3. g3 Bg7 4. Bg2 d6 5. Ne2 Nd7 6. O-O e5 7. dxe5 dxe5 8. Qd6 Qe7 9. Rd1 Qxd6 10. Rxd6 Nc5 11. Be3 Ne6 12. Na3 Bf8 13. Rd3 b5 14.
Rad1 Ba6 15. R3d2 Nf6 16. f4 Ng4 17. Bf2 Nxf2 18. Kxf2 Bc5+ 19. Kf3 b4 20. Nb1 Bxe2+ 21. Kxe2 exf4 22. gxf4 Nxf4+ 23. Kf3 Nxg2 24. Kxg2 Ke7 25. c3 Rhd8 26. Kf3 Rxd2 27. Rxd2 Rd8 28. Rc2 Rd3+ 29. Kf4 Kd6 30. cxb4 Bxb4 31. a3 Be1 32. Re2 Rd1 33.
Nc3 Bxc3 34. bxc3 Rd3 35. Kg5 Ke6 36. Kh6 Rxc3 37. Kxh7 Rxa3 38. Rc2 Kd6 39. Kg7 Rf3 40. Ra2 Ke5 41. Rxa7 Kxe4 42. Rc7 Kd5 43. h4 Rf4 44. Rxf7 Rxh4 45. Kxg6 c5 46. Kf5 Kc4 47. Rb7 Kc3 48. Ke5 c4 49. Kd5 Kd3 50. Rb4 Rh5+ 51. Ke6 c3 52. Rb5 Rh6+ 53. Kf7 c2 54. Rb6 Rxb6 0-1

[Event "Early-Titled-Tuesday-Blitz-February-13-2024"]
[Site "Chess.com"]
[Date "2024.02.13"]
[Round "1"]
[White "korkmaz16"]
[Black "mr_gustavo"]
[Result "0-1"]
[WhiteElo "2410"]
[BlackElo "2741"]
[TimeControl "180+1"]
[EndTime "8:06:59 PST"]
[Termination "mr_gustavo won by resignation"]

1. e4 c5 2. Nc3 Nc6 3. f4 d6 4. Nf3 g6 5. Bc4 Bg7 6. O-O Nf6 7. d3 O-O 8. Qe1 Nd4 9. Nxd4 cxd4 10. Nd5 Nxd5 11. Bxd5 e6 12. Bb3 a5 13. a4 Bd7 14.
Bd2 Qc7 15. Qh4 b5 16. axb5 Bxb5 17. f5 a4 18. f6 axb3 19. fxg7 Rfc8 20. cxb3 Bxd3 21.
Rxa8 Rxa8 22. Rc1 Qb7 23. Qg3 Bxe4 24. Qxd6 Qd5 25. Qf4 Qf5 26. Qxf5 gxf5 27. Bh6 d3 28. Kf2 Rd8 29. g3 f6 30. Ke1 Kf7 31. Rc7+ Kg6 32. Bd2 h5 33. b4 Kh7 34. b5 Rb8 35. h4 Rxb5 36. Bc3 e5 37. Rf7 Rb6 38. Kd2 Rd6 39.
Ke3 d2 40. Bxd2 Rd3+ 41. Ke2 Rxg3 42. Rxf6 Kxg7 43. Bg5 Rg2+ 44. Ke3 Rxb2 45. Re6 Rb3+ 46. Kd2 Rd3+ 47. Ke2 Rd5 48. Bf6+ Kf7 49. Rxe5 Kxf6 50. Rxd5 Bxd5 51. Ke3 0-1

[Event "Early-Titled-Tuesday-Blitz-February-13-2024"]
[Site "Chess.com"]
[Date "2024.02.13"]
[Round "1"]
[White "artin10862"]
[Black "amanjazu"]
[Result "0-1"]
[WhiteElo "2886"]
[BlackElo "2512"]
[TimeControl "180+1"]
[EndTime "8:07:01 PST"]
[Termination "amanjazu won by resignation"]

1. e4 Nf6 2. e5 Nd5 3. d4 d6 4. c4 Nb6 5. exd6 cxd6 6. Nf3 g6 7. Nc3 Bg7 8. Be2 O-O 9. O-O Nc6 10. Be3 Bg4 11. b3 d5 12. c5 Nc8 13.
h3 Bxf3 14. Bxf3 e6 15. a3 N8e7 16. b4 Nf5 17. Ne2 Qf6 18. Rc1 Rac8 19. Qa4 a6 20.
Rfd1 Nh4 21. Bf4 g5 22. Bd6 Nxf3+ 23. gxf3 Qxf3 24. Bxf8 Rxf8 25. Qc2 Qxh3 26. Rd3 Qh4 27. Rcd1 f5 28. Kg2 f4 29. f3 g4 30. Rh1 gxf3+ 31.
Rxf3 Qg4+ 32. Kf1 Qxf3+ 33. Kg1 Rf5 0-1

[Event "Early-Titled-Tuesday-Blitz-February-13-2024"]
[Site "Chess.com"]
[Date "2024.02.13"]
[Round "1"]
[White "IMRosen"]
[Black "spotbet"]
[Result "1-0"]
[WhiteElo "2688"]
[BlackElo "2359"]
[TimeControl "180+1"]
[EndTime "8:07:01 PST"]
[Termination "IMRosen won by resignation"]

1. e4 e6 2. f4 d5 3. e5 c5 4. Nf3 Nc6 5. c3 Nge7 6. Na3 Nf5 7.
Bd3 Nh4 8. O-O Nxf3+ 9. Qxf3 Bd7 10. b3 Qa5 11. c4 Nd4 12. Qf2 Bc6 13. Bb2 Qb6 14.
Rae1 O-O-O 15. f5 Be7 16. fxe6 fxe6 17. Qf7 Rd7 18. Qxg7 Re8 19. Qh6 Qa5 20. Bxd4 cxd4 21. Nc2 Qxa2 22. Qxe6 Qxb3 23. Rf3 dxc4 24. Be4 Bxe4 25.
Rxb3 cxb3 26. Qxb3 Bc6 27. Nb4 Bxb4 28. Qxb4 Rg8 29.
g3 d3 30. e6 Rdd8 31. e7 Rde8 32. Qd6 Rg6 33. Qxd3 Rg7 34. Qd6 Rg6 35. Qf4 a5 36. d4 a4 37. d5 Bxd5 38. Qf5+ Be6 39. Rxe6 1-0

[Event "Early-Titled-Tuesday-Blitz-February-13-2024"]
[Site "Chess.com"]
[Date "2024.02.13"]
[Round "1"]
[White "cukricek"]
[Black "K_A_S_T_O_R"]
[Result "0-1"]
[WhiteElo "2489"]
[BlackElo "2873"]
[TimeControl "180+1"]
[EndTime "8:07:03 PST"]
[Termination "K_A_S_T_O_R won by resignation"]

1. g3 c5 2. Bg2 g6 3. Nf3 Bg7 4. O-O Nc6 5. c4 d6 6. Nc3 e6 7. a3 Nge7 8. Rb1 b6 9. d3 Bb7 10. Bd2 O-O 11. b4 Qd7 12. Qc2 Rac8 13. Bg5 h6 14. Bxe7 Nxe7 15. bxc5 dxc5 16. a4 Nc6 17. Ne4 Nb4 18. Qb3 f5 19. Nc3 Nc6 20. Rfd1 Rfd8 21. e3 Kh7 22. Ne2 Na5 23. Qc2 Bc6 24. Nc3 Qe7 25. Nb5 Ba8 26. Rbc1 Rd7 27. Qa2 Rcd8 28.
d4 Bxf3 29. Bxf3 cxd4 30. exd4 Bxd4 31. Nxd4 Rxd4 32. Re1 e5 33. Bd5 e4 34. Qb2 Rd3 35. Rcd1 Rxd1 36. Rxd1 Nxc4 37. Qd4 Nd6 38. Qb4 Nc8 39. Qc4 h5 40. Qc6 Kh6 41. h4 Qd6 42. Qc4 Ne7 0-1

[Event "Early-Titled-Tuesday-Blitz-February-13-2024"]
[Site "Chess.com"]
[Date "2024.02.13"]
[Round "1"]
[White "Keeper0416"]
[Black "abeljusto"]
[Result "1-0"]
[WhiteElo "2568"]
[BlackElo "2091"]
[TimeControl "180+1"]
[EndTime "8:07:03 PST"]
[Termination "Keeper0416 won on time"]

1. d4 Nf6 2. Nf3 e6 3. c3 d5 4. Bg5 h6 5. Bxf6 Qxf6 6. Nbd2 c5 7. e4 cxd4 8. e5 Qd8 9. cxd4 Bd7 10. Bd3 Be7 11. O-O Nc6 12. a3 O-O 13. b4 f6 14.
Nb3 fxe5 15. dxe5 a6 16. Rc1 Rxf3 17. Qxf3 Nxe5 18. Qg3 Nxd3 19. Qxd3 Bb5 20. Qh3 Bxf1 21. Qxe6+ Kh8 22. Kxf1 Bf6 23. g3 d4 24. Rd1 Rc8 25. Nc5 Rc6 26. Qe4 a5 27. Nxb7 Qb6 28. Nxa5 Qb5+ 29.
Qd3 Qxd3+ 30. Rxd3 Rc3 31. Ke2 Rc2+ 32. Kf3 Ra2 33.
Nc6 Kg8 34. b5 Rb2 35. a4 Kf7 36. Nxd4 Rb4 37. Nc6 Rxa4 38. b6 1-0

[Event "Early-Titled-Tuesday-Blitz-February-13-2024"]
[Site "Chess.com"]
[Date "2024.02.13"]
[Round "1"]
[White "HajiyevKanan"]
[Black "bancsoo"]
[Result "0-1"]
[WhiteElo "2500"]
[BlackElo "2906"]
[TimeControl "180+1"]
[EndTime "8:07:04 PST"]
[Termination "bancsoo won by checkmate"]

1. d4 d5 2. c4 c6 3. cxd5 cxd5 4. Nc3 Nf6 5. Nf3 Nc6 6. Bg5 Ne4 7. Bf4 Nxc3 8. bxc3 e6 9. e3 Bd6 10. Bd3 O-O 11.
O-O Bxf4 12. exf4 Bd7 13. Qc2 g6 14. Rab1 b6 15. h4 Rc8 16. h5 Kg7 17. g4 e5 18. h6+ Kg8 19. dxe5 Bxg4 20. Ng5 Nxe5 21. Rbe1 Nf3+ 22. Kg2 Nxg5 23. fxg5 Qxg5 24. Qc1 Qh5 25. Qe3 Rxc3 26. Rh1 Bf3+ 27. Qxf3 Qxf3+ 28. Kxf3 Rxd3+ 29. Kf4 Ra3 30. Re2 d4 31. Rhe1 d3 32. Rd2 Rd8 33. Re7 Kf8 34. Rc7 Ra5 35. Ke4 Rh5 36. Rxa7 Rxh6 37. Rb7 Rh4+ 38. f4 Re8+ 39. Kf3 Rh3+ 40. Kg4 Ree3 41. Rxb6 Kg7 42. f5 h5+ 43. Kf4 Rhf3+ 44.
Kg5 Rxf5+ 45. Kh4 Rf4+ 46. Kg5 Rg4# 0-1

[Event "Early-Titled-Tuesday-Blitz-February-13-2024"]
[Site "Chess.com"]
[Date "2024.02.13"]
[Round "1"]
[White "Alexchess1984"]
[Black "PushingpawnsNYC"]
[Result "1-0"]
[WhiteElo "2665"]
[BlackElo "2340"]
[TimeControl "180+1"]
[EndTime "8:07:04 PST"]
[Termination "Alexchess1984 won by resignation"]

1. e4 c5 2. c3 Nf6 3. e5 Nd5 4. d4 cxd4 5. cxd4 e6 6. Nf3 Nc6 7. Bd3 d6 8. O-O Be7 9. Qe2 O-O 10.
a3 f5 11. exf6 Bxf6 12. Qe4 g6 13. Nc3 Nde7 14. Bg5 d5 15. Qe3 Nf5 16. Bxf5 exf5 17. Bxf6 Qxf6 18. Nxd5 Qg7 19. Nf4 g5 20. Nh5 Qg6 21.
Qxg5 Qxg5 22. Nxg5 Nxd4 23. Rad1 Nc6 24. Nf4 b6 25. Rd2 Ba6 26. Rfd1 Ne5 27. Rd5 Rfe8 28. Nh5 Re7 29. Re1 Rae8 30. Nf6+ Kg7 31. Nxe8+ Rxe8 32. Rdxe5 Rxe5 33. Rxe5 Kf6 34. f4 1-0

[Event "Early-Titled-Tuesday-Blitz-February-13-2024"]
[Site "Chess.com"]
[Date "2024.02.13"]
[Round "1"]
[White "vaniavindy"]
[Black "jaskol95"]
[Result "0-1"]
[WhiteElo "2149"]
[BlackElo "2578"]
[TimeControl "180+1"]
[EndTime "8:07:04 PST"]
[Termination "jaskol95 won on time"]

1. d4 e6 2. a3 f5 3. c4 Nf6 4. Nc3 Be7 5. Nf3 O-O 6. Bf4 b6 7. e3 Bb7 8. Be2 d6 9. O-O h6 10. Bg3 Nbd7 11. Nh4 Qe8 12. d5 g5 13. dxe6 gxh4 14.
exd7 Qg6 15. Bf3 Bxf3 16. Qxf3 hxg3 17. fxg3 Rad8 18. Qxf5 Qxf5 19. Rxf5 Nxd7 20. Rxf8+ Rxf8 21. Nd5 Bd8 22. b4 c6 23. Nf4 Bf6 24. Rd1 Be5 25. Ng6 Re8 26. Nxe5 Nxe5 27. Rxd6 Kg7 0-1

[Event "Early-Titled-Tuesday-Blitz-February-13-2024"]
[Site "Chess.com"]
[Date "2024.02.13"]
[Round "1"]
[White "mitrabhaa"]
[Black "themind1hunter"]
[Result "1-0"]
[WhiteElo "2921"]
[BlackElo "2507"]
[TimeControl "180+1"]
[EndTime "8:07:05 PST"]
[Termination "mitrabhaa won by resignation"]

1. Nf3 d5 2. d4 Nf6 3. Bf4 c5 4. e3 Nc6 5. Nbd2 Bg4 6. c3 e6 7. Qa4 Nd7 8. Ne5 Ncxe5 9. Bxe5 a6 10. dxc5 Bf5 11. Nb3 Qc8 12. c4 Qc6 13. Qxc6 bxc6 14. Bd6 a5 15. cxd5 exd5 16. Rc1 Nf6 17. Nd4 Bd7 18.
Bxf8 Rxf8 19. Bd3 Ke7 20. Kd2 Rfb8 21. Kc3 a4 22. b3 axb3 23. axb3 Ng4 24. Rcf1 Ra2 25.
Bc2 g6 26. h3 Nf6 27. Ra1 Rba8 28. Rxa2 Rxa2 29. f3 Kd8 30. b4 Kc7 31. Kb3 Ra8 32.
Kb2 Re8 33. Re1 Nh5 34. Ra1 Kb7 35. Ra3 Ng3 36. Bd3 Kb8 37. b5 Rxe3 38. bxc6 Bc8 39.
Nb5 Nf5 40. Bxf5 Re2+ 41. Kc3 Bxf5 42. c7+ Kb7 43. Ra7+ Kc6 44. Nd4+ 1-0

[Event "Early-Titled-Tuesday-Blitz-February-13-2024"]
[Site "Chess.com"]
[Date "2024.02.13"]
[Round "1"]
[White "soloderisas"]
[Black "Shield12"]
[Result "0-1"]
[WhiteElo "2534"]
[BlackElo "3001"]
[TimeControl "180+1"]
[EndTime "8:07:07 PST"]
[Termination "Shield12 won by resignation"]

1. d4 Nf6 2. Nf3 e6 3. Bf4 b6 4. Nbd2 Bb7 5. e3 g6 6. h3 Bg7 7. Be2 O-O 8. O-O d6 9. a4 a6 10. a5 b5 11. c4 bxc4 12. Bxc4 Nbd7 13. Bh2 Qe7 14. Qb3 Rfb8 15. Qa3 Ne4 16. Nxe4 Bxe4 17. Nd2 Bb7 18. Rac1 h5 19. Be2 Rc8 20. Rc2 Nf6 21. Rfc1 Qd7 22. Bf3 Bxf3 23. Nxf3 Rab8 24. Rc6 Nd5 25.
Rxa6 Qb5 26. Rac6 Ra8 27. a6 Bf8 28. a7 Qb7 29. Ra6 Nb4 30. Ra4 Nc6 31. Ra1 Be7 32. Bf4 e5 33. Bg5 f6 34. Bh6 Kh7 35. dxe5 Kxh6 36.
exf6 Bxf6 37. g4 Bxb2 38. Qa2 Bxa1 39. Qf7 Bg7 40. gxh5 Qb1+ 41. Kg2 Qf5 42. hxg6 Qxg6+ 0-1

[Event "Early-Titled-Tuesday-Blitz-February-13-2024"]
[Site "Chess.com"]
[Date "2024.02.13"]
[Round "1"]
[White "Daniel_Salinas"]
[Black "Abund"]
[Result "0-1"]
[WhiteElo "2423"]
[BlackElo "2764"]
[TimeControl "180+1"]
[EndTime "8:07:08 PST"]
[Termination "Abund won by resignation"]

1. e4 c6 2. Nf3 d5 3. Nc3 dxe4 4. Nxe4 Nf6 5. Qe2 Nxe4 6. Qxe4 Nd7 7. Bc4 Nf6 8. Ne5 e6 9. Qe2 b5 10. Bd3 Qc7 11. a4 Bd6 12. Nxc6 b4 13. Nd4 a6 14. Nf5 Bf8 15. b3 g6 16. Bb2 gxf5 17. Bxf6 Rg8 18.
f3 Be7 19. Bxe7 Qxe7 20. O-O-O Bb7 21. Rhe1 Qf6 22. Kb1 a5 23. g3 h5 24. Bb5+ Kf8 25.
Qe3 Bd5 26. f4 Rc8 27. Qa7 Kg7 28. Qxa5 Qd4 29. Qa6 Rgd8 30. Be2 Be4 31. d3 Bd5 32. Bxh5 Rc7 33. Re2 Ra8 34. Qd6 Rac8 35. Qe5+ Qxe5 36. fxe5 Kh6 37. g4 Bf3 38. g5+ Kxh5 0-1

[Event "Early-Titled-Tuesday-Blitz-February-13-2024"]
[Site "Chess.com"]
[Date "2024.02.13"]
[Round "1"]
[White "N_I_Chess"]
[Black "Egor_Koshulyan"]
[Result "0-1"]
[WhiteElo "2279"]
[BlackElo "2628"]
[TimeControl "180+1"]
[EndTime "8:07:09 PST"]
[Termination "Egor_Koshulyan won by resignation"]

1. d4 Nf6 2. c4 e5 3. dxe5 Ng4 4.
e4 Nxe5 5. f4 Ng6 6. Nf3 Bb4+ 7.
Bd2 Qe7 8. Nc3 Bxc3 9. Bxc3 Qxe4+ 10. Be2 Nxf4 11. Kf2 O-O 12. Re1 Nxe2 13. Rxe2 Qxc4 14.
Rc1 Qg4 15. h3 Qg6 16. Ne5 Qf5+ 17. Kg1 d6 18. Rf2 Qg5 19. Nf3 Qg6 20. Nh4 Qg5 21.
Nf3 Qh5 22. Qd4 f6 23. Re1 Nc6 24. Qc4+ d5 25. Qc5 Bd7 26. Rfe2 Rae8 27. Rxe8 Rxe8 28.
Rxe8+ Bxe8 29. Nd4 Nxd4 30. Bxd4 b6 31. Qc2 c5 32. Bf2 d4 33. Qd2 Qg6 34. b4 Qb1+ 35. Kh2 Qxb4 36. Qe2 Bf7 37. Qe7 Qa4 38. Bg3 d3 39. Bd6 Qe8 40. Qxa7 d2 41. Qa4 Qxa4 0-1

[Event "Early-Titled-Tuesday-Blitz-February-13-2024"]
[Site "Chess.com"]
[Date "2024.02.13"]
[Round "1"]
[White "dealshark"]
[Black "betta2004"]
[Result "0-1"]
[WhiteElo "2171"]
[BlackElo "2594"]
[TimeControl "180+1"]
[EndTime "8:07:09 PST"]
[Termination "betta2004 won by resignation"]

1. Nf3 g6 2. e4 c6 3. d4 d5 4.
e5 Bg4 5. Be2 Nd7 6. O-O Bg7 7.
Be3 h5 8. Nbd2 Nh6 9. c4 e6 10. Bg5 Qb6 11. Qb3 Nf5 12. Be3 O-O-O 13. c5 Qc7 14. a4 f6 15. exf6 Bxf6 16. a5 e5 17. a6 b6 18. cxb6 axb6 19. a7 Kb7 20. Ba6+ Ka8 21.
Rfc1 exd4 22. Bg5 Bxg5 23. Nxg5 Nc5 24. Rxc5 bxc5 25. Ne6 Qe7 26. Qb6 Rc8 27. Bxc8 Rxc8 28. Nf4 Qc7 29. Qa6 Nd6 30. Nd3 Nb7 31. Re1 Qa5 32.
Qxa5 Nxa5 33. Re7 Nb7 34. h3 Bf5 35. Ne5 Kxa7 36. Ndf3 Kb6 37. g4 hxg4 38. hxg4 Be4 39. Nxg6 Bxg6 40. Re6 Be4 41. Ne5 Na5 42. f3 Bxf3 43.
Nxf3 Nc4 44. Kf2 Nxb2 45. Ne5 Nc4 46. Nd7+ Kb5 47. Rf6 Rd8 48. Ne5 Nxe5 49. g5 Ng4+ 0-1

[Event "Early-Titled-Tuesday-Blitz-February-13-2024"]
[Site "Chess.com"]
[Date "2024.02.13"]
[Round "1"]
[White "DrCeltic"]
[Black "abelmat"]
[Result "1-0"]
[WhiteElo "2566"]
[BlackElo "2073"]
[TimeControl "180+1"]
[EndTime "8:07:09 PST"]
[Termination "DrCeltic won on time"]

1. e4 e6 2. d4 d5 3. Nc3 dxe4 4. Nxe4 Nd7 5. Nf3 Ngf6 6. Nxf6+ Nxf6 7. c3 Be7 8. Ne5 O-O 9. Bd3 Bd7 10. Qf3 Rb8 11. Be3 Nd5 12. O-O-O Nxe3 13. fxe3 Bc6 14. Nxc6 bxc6 15. Qxc6 Rb6 16. Qe4 f5 17. Qf3 Qb8 18.
Rd2 a5 19. Bc4 a4 20. Re1 Kh8 21. g3 Bg5 22. h4 Be7 23. e4 Ba3 24. Qg2 f4 25. gxf4 Rxf4 26. Bd3 Be7 27. h5 Qf8 28. Kc2 h6 29. Bc4 Bg5 30. Rde2 Qb8 31. b3 axb3+ 32. Bxb3 c5 33. dxc5 Rc6 34. Qg1 Qc7 35. Qd4 Rxc5 36. Qd3 Bf6 37. e5 Bg5 38. Bxe6 Qa5 39. Bb3 Qc7 40.
Rg1 1-0

[Event "Early-Titled-Tuesday-Blitz-February-13-2024"]
[Site "Chess.com"]
[Date "2024.02.13"]
[Round "1"]
[White "pfalcon1949"]
[Black "Predator0608"]
[Result "0-1"]
[WhiteElo "1912"]
[BlackElo "2555"]
[TimeControl "180+1"]
[EndTime "8:07:09 PST"]
[Termination "Predator0608 won on time"]

1. e4 b6 2. d4 Bb7 3. Nc3 g6 4. Bd3 Bg7 5. Nf3 d6 6. O-O Nd7 7. Re1 e6 8. Bf4 Ne7 9. e5 O-O 10. exd6 cxd6 11. Bxd6 Re8 12. Bxe7 Qxe7 13. Ne4 Red8 14.
c3 Rac8 15. Qe2 Nf8 16. h4 h5 17. Nfg5 Qc7 18. g4 Qf4 19. gxh5 Qxh4 20. hxg6 Nxg6 21.
Qf3 f5 22. Qg3 Qh6 23. Nxe6 Re8 24. Nxg7 Kxg7 25. f3 fxe4 26. fxe4 Rg8 27. Re2 Kh8 28.
Rh2 Nh4 29. Rh3 Qe3+ 30. Kh2 Rxg3 31. Rxg3 Qf2+ 32. Kh3 Rf8 33. Rag1 Bc8+ 34. Kxh4 Qf4+ 0-1

[Event "Early-Titled-Tuesday-Blitz-February-13-2024"]
[Site "Chess.com"]
[Date "2024.02.13"]
[Round "1"]
[White "PavelShkapenko"]
[Black "Machteldvf"]
[Result "0-1"]
[WhiteElo "2763"]
[BlackElo "2457"]
[TimeControl "180+1"]
[EndTime "8:07:11 PST"]
[Termination "Machteldvf won by resignation"]

1. e4 c5 2. Nc3 Nc6 3. g3 Nf6 4.
Bg2 e6 5. d3 d5 6. exd5 exd5 7.
Bg5 Be7 8. Nge2 O-O 9. O-O Be6 10. Nf4 Qd7 11. Bxf6 Bxf6 12. Nfxd5 Bxd5 13. Nxd5 Bxb2 14.
Rb1 Bd4 15. c3 Be5 16. Re1 Rfe8 17. Qa4 Rad8 18. Qb5 Rb8 19. Qxc5 h6 20. d4 Bd6 21. Qb5 Qf5 22. Ne3 Qg6 23. Qf5 Rxe3 24. Qd7 Re7 25. Rxe7 Qxb1+ 26. Bf1 Bxe7 27. Kg2 Qe4+ 28. f3 Qc2+ 29.
Kh3 Rd8 30. Qxb7 Qxc3 31. Bb5 Qxf3 32. Bxc6 Qf1+ 33. Bg2 Qf5+ 34. g4 Qd3+ 35. Bf3 Rxd4 36. Kg3 Bd6+ 37. Kh3 Rf4 38. Kg2 Qd2+ 39. Kg1 Qe3+ 40.
Kg2 Qd2+ 41. Kg1 Bc5+ 42. Kh1 Qe1+ 43. Kg2 Qf2+ 0-1

[Event "Early-Titled-Tuesday-Blitz-February-13-2024"]
[Site "Chess.com"]
[Date "2024.02.13"]
[Round "1"]
[White "KarolKacprzak"]
[Black "RamonManon0g"]
[Result "1-0"]
[WhiteElo "2737"]
[BlackElo "2406"]
[TimeControl "180+1"]
[EndTime "8:07:11 PST"]
[Termination "KarolKacprzak won by checkmate"]

1. e4 c5 2. Nf3 d6 3. d4 cxd4 4. Nxd4 Nf6 5. Nc3 a6 6. Bg5 e6 7. f4 Be7 8. Qf3 Qc7 9. O-O-O Nbd7 10. Bd3 h6 11. Bh4 b5 12. Rhe1 Bb7 13. Kb1 b4 14. Nce2 O-O 15. g4 Nc5 16. Ng3 Nh7 17. Bxe7 Qxe7 18.
Qe2 Qf6 19. Qe3 Qh4 20. Nh5 Nxd3 21. cxd3 Qxg4 22. Nxg7 Kh8 23. Rg1 Qh4 24. Nf3 Qe7 25. f5 exf5 26. Nxf5 Qf6 27. Qd4 Rg8 28. Nxd6 Rg7 29.
Qxf6 Nxf6 30. Rxg7 Kxg7 31. Nxb7 Rb8 32. Nd6 Rd8 33.
Nf5+ Kh7 34. Rg1 Rd7 35. Ne5 Rc7 36. Rg7+ Kh8 37. Nxf7+ Rxf7 38. Rxf7 Ng4 39. h3 Ne5 40. Rf8+ Kh7 41. Rd8 a5 42. d4 Nc4 43. e5 a4 44. Nd6 b3 45. Nxc4 bxa2+ 46. Kxa2 a3 47. Kxa3 h5 48. e6 h4 49. e7 Kh6 50. Rg8 Kh7 51.
e8=Q Kh6 52. Qg6# 1-0

[Event "Early-Titled-Tuesday-Blitz-February-13-2024"]
[Site "Chess.com"]
[Date "2024.02.13"]
[Round "1"]
[White "Storne89"]
[Black "sewlins"]
[Result "1-0"]
[WhiteElo "2572"]
[BlackElo "2109"]
[TimeControl "180+1"]
[EndTime "8:07:11 PST"]
[Termination "Storne89 won on time"]

1. d4 e6 2. Nf3 c5 3. c3 Nf6 4. Bf4 d5 5. e3 Nc6 6. Nbd2 Nh5 7. Be5 f6 8. Bg3 g6 9. Bd3 Be7 10. O-O O-O 11. a3 cxd4 12. exd4 Nxg3 13. hxg3 e5 14.
dxe5 fxe5 15. c4 e4 16. cxd5 exf3 17. dxc6 Qxd3 18. Re1 Bc5 19. Nxf3 Qxd1 20. Raxd1 bxc6 21. Rc1 Bb6 22. Rc2 Bg4 23. Ne5 Bf5 24. Rxc6 Bxf2+ 25. Kxf2 Be4+ 26. Kg1 Bxc6 27. Nxc6 Rfe8 28. Rd1 Re2 29.
b4 Re3 30. a4 Ra3 31. a5 a6 32. g4 Rc3 33. Rd6 Rc4 34. g5 Rg4 35. Rd5 Re8 36. Kf2 Rf4+ 37. Kg3 Rc4 38. Rd6 Rc3+ 39. Kf2 Rc2+ 40.
Kg3 Re3+ 41. Kf4 Ree2 42. Nd4 Rf2+ 43. Ke5 Rcd2 44. Rxa6 1-0

[Event "Early-Titled-Tuesday-Blitz-February-13-2024"]
[Site "Chess.com"]
[Date "2024.02.13"]
[Round "1"]
[White "FGHSMN"]
[Black "bilosuvenosu06"]
[Result "1-0"]
[WhiteElo "2989"]
[BlackElo "2527"]
[TimeControl "180+1"]
[EndTime "8:07:12 PST"]
[Termination "FGHSMN won by resignation"]

1. d4 Nf6 2. Bf4 e6 3. e3 d5 4. Nf3 Bd6 5. Ne5 Nbd7 6. Nd2 Qe7 7. Bd3 Nf8 8. O-O Ng6 9. Bg3 c6 10. c3 Nd7 11. f4 f5 12. c4 Nf6 13. a3 O-O 14. Qc2 Ne4 15. Nxe4 fxe4 16. Be2 Bd7 17. b4 Nxe5 18. fxe5 Bc7 19. a4 Rxf1+ 20. Rxf1 Rf8 21. Rxf8+ Qxf8 22. Qb2 a6 23. h3 Bd8 24. b5 axb5 25.
cxb5 Bg5 26. Bf2 c5 27. a5 c4 28. h4 Bd8 29. Be1 Bc7 30. Bg4 g6 31. h5 Qh6 32.
Bd2 gxh5 33. Bd1 Qf8 34. b6 Bd8 35. Bb4 Qh6 36. Qf2 Bg5 37. Bd2 Qf8 38. Qxf8+ Kxf8 39. a6 bxa6 40. b7 Bd8 1-0

[Event "Early-Titled-Tuesday-Blitz-February-13-2024"]
[Site "Chess.com"]
[Date "2024.02.13"]
[Round "1"]
[White "szachmistrz2500"]
[Black "kpio91"]
[Result "0-1"]
[WhiteElo "2496"]
[BlackElo "2902"]
[TimeControl "180+1"]
[EndTime "8:07:12 PST"]
[Termination "kpio91 won by resignation"]

1. d4 e6 2. c4 Nf6 3. Nf3 b6 4.
a3 Ba6 5. e3 d5 6. Nbd2 Be7 7. b4 O-O 8. Be2 dxc4 9. Bxc4 Bb7 10.
Bb2 Nbd7 11. O-O a5 12. b5 a4 13. Qe2 c6 14. e4 cxb5 15. Bxb5 Ra7 16. Rac1 Qa8 17.
Rfe1 Rd8 18. h3 Nf8 19. Ne5 Ng6 20. Nc6 Bxc6 21. Bxc6 Qb8 22. d5 Nf4 23. Qf3 exd5 24.
e5 N6h5 25. g4 Bg5 26. Rc2 Rc7 27. gxh5 Ne6 28. Qd3 Qc8 29. Rec1 Nf4 30. Qg3 Ne2+ 0-1

[Event "Early-Titled-Tuesday-Blitz-February-13-2024"]
[Site "Chess.com"]
[Date "2024.02.13"]
[Round "1"]
[White "Trendle"]
[Black "johnmez"]
[Result "1-0"]
[WhiteElo "2630"]
[BlackElo "2278"]
[TimeControl "180+1"]
[EndTime "8:07:12 PST"]
[Termination "Trendle won by resignation"]

1. e4 e6 2. d4 d5 3. Nd2 Be7 4. e5 c5 5. c3 Nc6 6. Bd3 cxd4 7. cxd4 Nh6 8. Ne2 Nf5 9. Nf3 O-O 10. O-O Qb6 11. g4 Nh4 12. Nxh4 Bxh4 13. Be3 Be7 14. f4 f6 15. Qd2 f5 16. gxf5 exf5 17. Kh1 Be6 18. Rg1 Rf7 19. Rg2 g6 20. Rag1 Kh8 21.
Bf2 Rg8 22. h4 Rfg7 23. Bb1 Qd8 24. h5 Bh4 25. Bxh4 Qxh4+ 26. Rh2 Qe7 27. Rg5 Qb4 28.
Qxb4 Nxb4 29. Ng3 gxh5 30. Rxg7 Rxg7 31. Nxf5 Bxf5 32. Bxf5 Rf7 33. Rxh5 Nc6 34. Kg2 Nxd4 35. e6 Re7 36. Bxh7 Kg7 37. f5 Kf6 38. Bg6 Rg7 39. Kf2 Nxf5 40. Bxf5 1-0

[Event "Early-Titled-Tuesday-Blitz-February-13-2024"]
[Site "Chess.com"]
[Date "2024.02.13"]
[Round "1"]
[White "ProChessWICTH"]
[Black "Sina_Movahed"]
[Result "0-1"]
[WhiteElo "2527"]
[BlackElo "2992"]
[TimeControl "180+1"]
[EndTime "8:07:14 PST"]
[Termination "Sina_Movahed won on time"]

1. e4 c5 2. Nf3 d6 3. c3 Nf6 4.
Bd3 Nc6 5. O-O e5 6. Bc2 d5 7. exd5 Qxd5 8. d3 Be7 9. Nbd2 O-O 10. Nc4 b5 11. Ne3 Qd7 12. h3 Bb7 13. Re1 Rfe8 14. Nf1 Bf8 15. Be3 Nd5 16. Ng3 f5 17. Bd2 Kh8 18.
Bb3 g6 19. Qc1 Bg7 20. Bh6 Na5 21. Bxg7+ Qxg7 22. d4 Nxb3 23. axb3 cxd4 24. cxd4 e4 25.
Ne5 a6 26. Ne2 Rad8 27. Qd2 g5 28. Rad1 f4 29. Nc3 e3 30. fxe3 Nxe3 31. Rc1 Rxe5 32. Qe2 Rxd4 0-1

[Event "Early-Titled-Tuesday-Blitz-February-13-2024"]
[Site "Chess.com"]
[Date "2024.02.13"]
[Round "1"]
[White "BilodeauA"]
[Black "AwareIdea"]
[Result "1-0"]
[WhiteElo "2964"]
[BlackElo "2519"]
[TimeControl "180+1"]
[EndTime "8:07:14 PST"]
[Termination "BilodeauA won by resignation"]

1. e4 e5 2. Nf3 Nc6 3. Bc4 Bc5 4.
d3 Nf6 5. Nc3 a6 6. a4 h6 7. h3 d6 8. Be3 O-O 9. O-O Qe7 10. Bxc5 dxc5 11. Nd5 Nxd5 12. exd5 Nd4 13. Re1 Nxf3+ 14. Qxf3 Qd6 15. Re3 Bd7 16. Rae1 Rae8 17. a5 Kh8 18. Qe2 f6 19. c3 g5 20. Qh5 Kg7 21. d4 cxd4 22. cxd4 Bf5 23. dxe5 Rxe5 24. Rxe5 fxe5 25. Qe2 Re8 26. Qd2 Re7 27. Qc3 Kf6 28. b4 c6 29. Rd1 Be4 30. Qb3 cxd5 31. Qe3 Rc7 32. Qxe4 Qxb4 33. Qf3+ Ke7 34. Bxd5 Qf4 35.
Bxb7 Qxf3 36. Bxf3 Rc5 37. Rd5 Rxd5 38. Bxd5 Kd6 39.
Bc4 Kc5 40. Bxa6 Kb4 41. Bd3 Kxa5 42. Kf1 Kb4 43. Ke2 Kc5 44. Ke3 Kd5 45. Bb1 Kd6 46. Ke4 Ke6 47. Ba2+ Kf6 48. g4 1-0

[Event "Early-Titled-Tuesday-Blitz-February-13-2024"]
[Site "Chess.com"]
[Date "2024.02.13"]
[Round "1"]
[White "Philosopherrr"]
[Black "kiCaps"]
[Result "1-0"]
[WhiteElo "2396"]
[BlackElo "2696"]
[TimeControl "180+1"]
[EndTime "8:07:15 PST"]
[Termination "Philosopherrr won by resignation"]

1. e4 e6 2. d4 d5 3. Nc3 Bb4 4. e5 Ne7 5. Bd2 O-O 6. Nce2 Bxd2+ 7. Qxd2 c5 8. c3 Nbc6 9. f4 f6 10. Nf3 Bd7 11. exf6 Rxf6 12. dxc5 Qc7 13. g3 e5 14. O-O-O e4 15. Nfd4 Nxd4 16. Qxd4 Ra6 17. Kb1 Ra4 18. Qe3 Nf5 19. Qd2 Be6 20. b3 Ra3 21. Nd4 Nxd4 22. cxd4 b6 23. Qb4 Ra5 24. Rc1 Rc8 25. Bb5 Bf5 26. Kb2 Qd8 27. a4 h6 28. cxb6 axb6 29. Rxc8 Bxc8 30. Rc1 Bg4 31. Qc3 Qf6 32. Qe3 Ra7 33. Rc6 Qd8 34. Qc3 Re7 35. Qe3 Kh7 36. Rc3 Qd6 37. Rc6 Qb8 38. Bf1 Rc7 39. Qc3 Rxc6 40.
Qxc6 e3 41. Bd3+ Kh8 42. Qg6 Kg8 43. Qxg4 Qd6 44. Qc8+ Kf7 45. Qf5+ Kg8 46. Qe5 Qxe5 47. fxe5 1-0